[Event "2026 European Womens Championship"]
[Site "Batumi, GE"]
[Date "2026.06.05"]
[Round "11"]
[White "Vidic, Teja"]
[Black "Ibrahimova, Sabina"]
[Result "1/2-1/2"]
[Board "44"]
[TimeControl "5400+30"]
[WhiteFideId "14605511"]
[BlackFideId "13403893"]
[WhiteElo "2123"]
[BlackElo "2205"]
[WhiteTitle "WIM"]
[BlackTitle "WIM"]
[WhiteClock "0:48:14"]
[BlackClock "0:18:13"]
[Variant "Standard"]

1. e4 e5 2. Nf3 Nf6 3. d4 Nxe4 4. Bd3 d5 5. Nxe5 Nd7 6. Nc3 Nxe5 7. dxe5 Bb4 8. O-O Nxc3 9. bxc3 Bxc3 10. Rb1 O-O 11. Bxh7+ Kxh7 12. Qd3+ Kg8 13. Qxc3 a5 14. Qg3 Ra6 15. Bg5 Qd7 16. f4 Qf5 17. Rb3 Rg6 18. Qf2 f6 19. exf6 gxf6 20. Bh4 Re8 21. h3 Qe4 22. g4 f5 23. Rg3 Kh7 24. Rg2 Qe3 25. Re1 Qxe1+ 26. Qxe1 Rxe1+ 27. Bxe1 fxg4 28. hxg4 Bxg4 29. Bxa5 Bf5 30. Rxg6 Kxg6 31. Bxc7 Bxc2 32. Kf2 1/2-1/2

[Event "2026 European Womens Championship"]
[Site "Batumi, GE"]
[Date "2026.06.05"]
[Round "11"]
[White "Aydin, Gulenay"]
[Black "Mamedjarova, Zeinab"]
[Result "1-0"]
[Board "45"]
[TimeControl "5400+30"]
[WhiteFideId "34557431"]
[BlackFideId "13401521"]
[WhiteElo "2204"]
[BlackElo "2137"]
[WhiteTitle "WIM"]
[BlackTitle "WGM"]
[WhiteClock "0:40:43"]
[BlackClock "0:10:27"]
[Variant "Standard"]

1. e4 e5 2. Nf3 d6 3. d4 Nd7 4. Nc3 Ngf6 5. a4 a5 6. Bc4 Be7 7. Ng5 O-O 8. Bxf7+ Rxf7 9. Ne6 Qe8 10. Nxc7 Qd8 11. Nxa8 b6 12. Nb5 Ne8 13. dxe5 Bb7 14. e6 Rxf2 15. Kxf2 Bh4+ 16. g3 Ne5 17. Re1 Bxa8 18. Kg1 Qf6 19. Ra3 1-0

[Event "2026 European Womens Championship"]
[Site "Batumi, GE"]
[Date "2026.06.05"]
[Round "11"]
[White "Siekanska, Maria"]
[Black "Liavonava, Yuliya"]
[Result "0-1"]
[Board "46"]
[TimeControl "5400+30"]
[WhiteFideId "21852650"]
[BlackFideId "13524178"]
[WhiteElo "2203"]
[BlackElo "2118"]
[WhiteTitle "WIM"]
[BlackTitle "WFM"]
[WhiteClock "0:16:17"]
[BlackClock "0:14:40"]
[Variant "Standard"]

1. e4 c5 2. Nf3 d6 3. Bb5+ Nd7 4. a4 Ngf6 5. Nc3 a6 6. Be2 g6 7. O-O Bg7 8. a5 b5 9. axb6 Bb7 10. d3 Qxb6 11. Na4 Qc7 12. Bg5 h6 13. Bd2 O-O 14. Bc3 Ne5 15. Nxe5 dxe5 16. b3 Nd7 17. Qd2 f5 18. Bf3 g5 19. h3 f4 20. Ba5 Qd6 21. b4 c4 22. Rfd1 Qg6 23. dxc4 Nf6 24. Nc5 Bc8 25. Nd3 Nxe4 26. Qe1 Bb7 27. Ra3 h5 28. Bxe4 Bxe4 29. f3 Bb7 30. Nc5 Bc6 31. Ne4 g4 32. Kh1 Kh8 33. Rd2 Bf6 34. Re2 gxh3 35. gxh3 Rg8 36. Qf1 Qf5 37. Bb6 Qe6 38. Bc7 Bxe4 39. Rxe4 Rg3 40. Kh2 Rag8 41. Rd3 R8g5 42. Rd2 Kh7 43. b5 Qg8 44. b6 Rg1 45. Qf2 R5g3 46. Re1 Qe6 47. Qxg3 Rxg3 48. Kh1 Rxf3 0-1

[Event "2026 European Womens Championship"]
[Site "Batumi, GE"]
[Date "2026.06.05"]
[Round "11"]
[White "Chernyak, Viktoria"]
[Black "Ivanytska, Liudmyla"]
[Result "1/2-1/2"]
[Board "47"]
[TimeControl "5400+30"]
[WhiteFideId "24165956"]
[BlackFideId "14176211"]
[WhiteElo "2191"]
[BlackElo "2112"]
[WhiteTitle "WGM"]
[WhiteClock "0:19:53"]
[BlackClock "1:05:29"]
[Variant "Standard"]

1. d4 Nf6 2. c4 e6 3. Nc3 Bb4 4. Nf3 b6 5. e3 Bb7 6. Bd3 O-O 7. O-O d5 8. cxd5 exd5 9. Qc2 Re8 10. Ne5 Bf8 11. Bd2 c5 12. Bb5 Re6 13. Qf5 g6 14. Qh3 a6 15. Bd3 Nc6 16. f4 cxd4 17. Nxc6 Bxc6 18. exd4 Ne4 19. f5 Re8 20. Be3 Bg7 21. Rae1 b5 22. Qg4 b4 23. Nxe4 dxe4 24. Bc4 Bd5 25. Rc1 Bxc4 26. Rxc4 Qd6 27. b3 a5 28. Qh4 Ra6 29. Rf4 Bf6 30. Qg4 h5 31. Qe2 a4 32. fxg6 fxg6 33. bxa4 Bg5 34. Rf1 Bxe3+ 35. Qxe3 Kg7 36. Rfc1 Re7 37. h3 Kh7 38. Rc8 Rd7 39. Qxe4 Qxd4+ 40. Qxd4 Rxd4 41. R1c7+ Kh6 42. Rc4 Rd1+ 43. Kh2 Rxa4 44. h4 Rd7 45. Rh8+ Kg7 46. Rb8 Rxa2 47. Rcxb4 Ra6 48. R4b7 Rxb7 49. Rxb7+ Kf6 50. Kh3 Ra5 51. g3 Re5 52. Ra7 Re2 53. Ra6+ Kf5 54. Ra5+ Re5 55. Rxe5+ Kxe5 56. g4 hxg4+ 57. Kxg4 Kf6 58. h5 gxh5+ 59. Kxh5 Ke5 1/2-1/2

[Event "2026 European Womens Championship"]
[Site "Batumi, GE"]
[Date "2026.06.05"]
[Round "11"]
[White "Lomaia, Diana"]
[Black "Zeliantsova, Kseniya"]
[Result "1/2-1/2"]
[Board "48"]
[TimeControl "5400+30"]
[WhiteFideId "13612476"]
[BlackFideId "13512617"]
[WhiteElo "2110"]
[BlackElo "2176"]
[WhiteTitle "WFM"]
[BlackTitle "WFM"]
[WhiteClock "0:34:08"]
[BlackClock "0:12:38"]
[Variant "Standard"]

1. d4 Nf6 2. c4 g6 3. f3 c5 4. dxc5 Qa5+ 5. Nc3 Qxc5 6. e4 Bg7 7. Qd3 Nc6 8. Be3 Qa5 9. Qd2 O-O 10. Nge2 d6 11. Nd4 Nxd4 12. Bxd4 Be6 13. Rd1 Rfc8 14. b3 a6 15. Nd5 Qxd2+ 16. Rxd2 Bxd5 17. exd5 b5 18. Bxf6 Bxf6 19. Kf2 b4 20. Be2 a5 21. Bd1 Bc3 22. Rd3 Ra6 23. f4 Re8 24. a4 Ra7 25. Bf3 Kg7 26. Rhd1 h5 27. g3 Rc7 28. Bg2 Rh8 29. h4 f6 30. Rf3 Re8 31. Bh3 f5 32. Re3 Kf7 1/2-1/2

[Event "2026 European Womens Championship"]
[Site "Batumi, GE"]
[Date "2026.06.05"]
[Round "11"]
[White "Sivanandan, Bodhana"]
[Black "Gueci, Tea"]
[Result "1-0"]
[Board "49"]
[TimeControl "5400+30"]
[WhiteFideId "497592"]
[BlackFideId "872342"]
[WhiteElo "2374"]
[BlackElo "2160"]
[WhiteTitle "FM"]
[BlackTitle "WIM"]
[WhiteClock "0:04:42"]
[BlackClock "0:01:47"]
[Variant "Standard"]
[Termination "forfeit"]

1. e4 c5 2. Nf3 e6 3. g3 Nc6 4. Bg2 Nf6 5. Nc3 Be7 6. O-O d6 7. d4 cxd4 8. Nxd4 O-O 9. Re1 Nxd4 10. Qxd4 Bd7 11. Bg5 Qc7 12. Rad1 Rfd8 13. Qd3 Bc6 14. Qe2 h6 15. Bf4 e5 16. Be3 b5 17. a3 Rab8 18. Qd3 Rdc8 19. Bh3 Bd7 20. Bxd7 Qxd7 21. Rd2 Rc4 22. f3 Rbc8 23. Ree2 a6 24. Nd5 Nxd5 25. Qxd5 Qe6 26. c3 Qg6 27. Qb7 Qf6 28. Kg2 R4c6 29. Qd7 Qe6 30. Qxe6 fxe6 31. f4 Bf6 32. Rd3 Kf7 33. Kf3 Ke7 34. Kg4 Rc4 35. Bd2 g6 36. fxe5 h5+ 37. Kf3 Bxe5 38. Bg5+ Kd7 39. Bf4 Rf8 40. Ke3 Bxf4+ 41. gxf4 d5 42. Rd4 Ke7 43. Rg2 Rxd4 44. cxd4 dxe4 45. Rxg6 Rc8 46. Rg2 Rc1 47. Kxe4 Kf6 48. Re2 h4 49. h3 b4 50. axb4 Rc4 51. Re3 Rxb4 52. b3 a5 53. Rc3 a4 54. bxa4 Rxa4 55. Rc6 Ra5 56. Rb6 Rd5 57. Rb7 Rh5 58. Rd7 Rf5 59. Rh7 Ra5 60. Rxh4 Ra3 61. Rh6+ Kf7 62. f5 exf5+ 63. Kxf5 Kg7 64. Rh4 Ra5+ 65. Ke6 Ra6+ 66. Ke5 Ra4 67. Rg4+ Kf7 68. d5 Ra3 69. h4 Rh3 70. Kd6 Kf6 71. Rf4 1-0

[Event "2026 European Womens Championship"]
[Site "Batumi, GE"]
[Date "2026.06.05"]
[Round "11"]
[White "Mkrtchyan, Anahit H."]
[Black "Szczotka, Klara"]
[Result "1-0"]
[Board "50"]
[TimeControl "5400+30"]
[WhiteFideId "13314858"]
[BlackFideId "21858845"]
[WhiteElo "2107"]
[BlackElo "2241"]
[BlackTitle "WFM"]
[WhiteClock "0:02:34"]
[BlackClock "0:03:50"]
[Variant "Standard"]

1. e4 c5 2. Nf3 d6 3. d4 cxd4 4. Nxd4 Nf6 5. Nc3 a6 6. Bg5 Nbd7 7. Bc4 Qb6 8. Bb3 e6 9. Qd2 Be7 10. O-O-O Qc7 11. Bxe6 fxe6 12. Nxe6 Qa5 13. Nxg7+ Kf7 14. Nf5 Bf8 15. f4 Nxe4 16. Nxe4 Qxf5 17. Nxd6+ Bxd6 18. Qxd6 Re8 19. Rhe1 Re6 20. Qc7 Kg8 21. g4 Qf7 22. f5 Rc6 23. Qd8+ Nf8 24. Qd4 Rc4 25. Qg1 Rc7 26. Rd8 Qc4 27. Qf2 Rf7 28. Bh6 Qc6 29. Qd2 Qf6 30. Rd6 Qh4 31. Re8 Qxg4 32. Rdd8 Qg1+ 33. Qd1 Qxd1+ 34. Kxd1 Bd7 35. Rxa8 Bxe8 36. Rxe8 Rxf5 37. Ke2 Rf6 38. Rxf8+ Rxf8 39. Bxf8 Kxf8 40. Kf3 Ke7 41. Kg4 a5 42. Kg5 Kf7 43. Kh6 Kg8 44. a4 Kh8 45. c3 Kg8 46. b4 b6 47. bxa5 bxa5 48. h4 1-0

[Event "2026 European Womens Championship"]
[Site "Batumi, GE"]
[Date "2026.06.05"]
[Round "11"]
[White "Aghaverdiyeva, Maryam"]
[Black "Peglau, Charis"]
[Result "1/2-1/2"]
[Board "51"]
[TimeControl "5400+30"]
[WhiteFideId "13452509"]
[BlackFideId "16219996"]
[WhiteElo "2103"]
[BlackElo "2238"]
[WhiteTitle "WFM"]
[BlackTitle "WFM"]
[WhiteClock "0:20:19"]
[BlackClock "0:02:18"]
[Variant "Standard"]

1. e4 c6 2. d4 d5 3. exd5 cxd5 4. c4 Nf6 5. Nc3 g6 6. Qb3 Bg7 7. cxd5 O-O 8. g3 Qb6 9. Bg2 Na6 10. Nge2 Rd8 11. O-O Qxb3 12. axb3 Nb4 13. d6 Rxd6 14. Bf4 Rd8 15. Bc7 Rf8 16. Rfd1 Ne8 17. Bf4 Nd6 18. Bxd6 exd6 19. Nb5 Bg4 20. Rd2 d5 21. Nec3 Be6 22. Rxa7 Rxa7 23. Nxa7 Ra8 24. Nab5 Ra1+ 25. Rd1 Rxd1+ 26. Nxd1 Nc6 27. Ndc3 Nxd4 28. Nxd4 Bxd4 29. Bxd5 Bxd5 30. Nxd5 Bxb2 31. Kf1 f5 32. Ke2 Bd4 33. f3 Kf7 34. Kd3 Bg1 35. h3 Bf2 36. g4 Ke6 37. Nf4+ Ke5 38. Ne2 Bc5 39. f4+ Kf6 40. g5+ Ke6 41. Kc4 Be3 42. b4 Kd6 43. b5 Bd2 44. Kd3 Bb4 45. Kc4 Be1 46. Nd4 Bd2 47. Ne2 Ba5 48. Nd4 Bd2 49. Ne2 Kc7 50. Kd3 Be1 51. Kc4 Kd6 52. Nd4 Bf2 53. Ne2 Bc5 54. Nd4 Ba3 55. Ne2 Bb2 56. Nd4 Ba1 57. Nb3 Bb2 58. Nd4 b6 59. Nb3 Ke6 60. Nd4+ Kd6 61. Nb3 Bg7 62. Nd4 h6 63. gxh6 Bxh6 64. Ne2 Bg7 65. Nd4 Bf6 66. Nf3 Ke6 67. Nd4+ Kd6 68. Nf3 Ke6 69. Nd4+ Kf7 70. Kd5 Bxd4 71. Kxd4 Ke6 72. h4 Kd6 1/2-1/2

[Event "2026 European Womens Championship"]
[Site "Batumi, GE"]
[Date "2026.06.05"]
[Round "11"]
[White "Liashkevich, Lizaveta"]
[Black "Kirtadze, Anastasia"]
[Result "0-1"]
[Board "52"]
[TimeControl "5400+30"]
[WhiteFideId "13518658"]
[BlackFideId "13622714"]
[WhiteElo "2079"]
[BlackElo "2233"]
[WhiteTitle "WFM"]
[BlackTitle "WIM"]
[WhiteClock "0:02:04"]
[BlackClock "0:12:59"]
[Variant "Standard"]

1. d4 Nf6 2. c4 e6 3. Nf3 Bb4+ 4. Bd2 Qe7 5. a3 Bxd2+ 6. Qxd2 d6 7. Nc3 O-O 8. e4 e5 9. d5 a5 10. b3 h6 11. Qc2 Nh5 12. Be2 Nf4 13. O-O f5 14. Bd3 Nxd3 15. Qxd3 f4 16. Nd2 g5 17. f3 h5 18. Rfc1 g4 19. Ne2 Na6 20. Rab1 Nc5 21. Qc3 gxf3 22. Qxf3 Bg4 23. Qf1 f3 24. gxf3 Qg5 25. Qg2 Qxd2 26. Rc3 Nd3 27. Rf1 Qe3+ 28. Kh1 Rxf3 29. Rxf3 Qxf3 0-1

[Event "2026 European Womens Championship"]
[Site "Batumi, GE"]
[Date "2026.06.05"]
[Round "11"]
[White "Avetisyan, Ani"]
[Black "Rodriguez Redondo, Adhara"]
[Result "1-0"]
[Board "53"]
[TimeControl "5400+30"]
[WhiteFideId "13319035"]
[BlackFideId "32065698"]
[WhiteElo "2052"]
[BlackElo "2200"]
[BlackTitle "WFM"]
[WhiteClock "0:02:12"]
[BlackClock "0:00:32"]
[Variant "Standard"]

1. d4 d5 2. c4 e6 3. Nf3 Nf6 4. g3 Be7 5. Bg2 O-O 6. O-O dxc4 7. Qc2 c6 8. a4 a5 9. Qxc4 Na6 10. Nc3 Nb4 11. e4 b6 12. Qb3 h6 13. Rd1 Bb7 14. Ne5 Nd7 15. Nc4 Ba6 16. e5 Rc8 17. Be3 Bxc4 18. Qxc4 Nc2 19. Rac1 Nxe3 20. fxe3 Bb4 21. Na2 Qg5 22. Qb3 c5 23. Nxb4 axb4 24. Rc4 Rc7 25. Rdc1 Rfc8 26. Qd3 h5 27. Qe4 g6 28. Qf4 Qe7 29. b3 Kg7 30. Be4 Nf8 31. Kg2 Qd7 32. Qf1 Qe7 33. R1c2 Nd7 34. h4 Nb8 35. Kh3 Kg8 36. g4 hxg4+ 37. Kxg4 Nd7 38. Kg3 Kg7 39. Qf4 Rh8 40. Rxb4 Rh5 41. Rbc4 Rc8 42. Bf3 g5 43. hxg5 Rxg5+ 44. Kf2 Rh8 45. Rc1 Rh6 46. Qxg5+ Qxg5 47. Rg1 Rh2+ 48. Kf1 Qxg1+ 49. Kxg1 Rb2 50. Rc3 cxd4 51. exd4 Rd2 52. Rc4 Nf8 53. Rb4 Ng6 54. Rxb6 Nf4 55. a5 Kg6 56. Rb4 Kg5 57. a6 Nh3+ 58. Kf1 Kf4 59. a7 Ke3 60. a8=Q 1-0

[Event "2026 European Womens Championship"]
[Site "Batumi, GE"]
[Date "2026.06.05"]
[Round "11"]
[White "Avelino, Camila Biscaya"]
[Black "Calzetta Ruiz, Monica"]
[Result "1-0"]
[Board "54"]
[TimeControl "5400+30"]
[WhiteFideId "1938975"]
[BlackFideId "2204185"]
[WhiteElo "1937"]
[BlackElo "2199"]
[WhiteTitle "WFM"]
[BlackTitle "WGM"]
[WhiteClock "0:02:22"]
[BlackClock "0:03:15"]
[Variant "Standard"]

1. e4 c5 2. Nf3 g6 3. d4 cxd4 4. Nxd4 Nc6 5. Nc3 Bg7 6. Nxc6 bxc6 7. Bc4 d6 8. O-O Nf6 9. e5 dxe5 10. Qxd8+ Kxd8 11. Re1 e6 12. Rxe5 Nd5 13. Re2 Nxc3 14. bxc3 Bxc3 15. Rb1 Re8 16. Rb3 Bg7 17. Rf3 f6 18. Ba3 Kc7 19. Rd3 Bf8 20. Bxf8 Rxf8 21. Bxe6 Re8 22. Rde3 Bxe6 23. Rxe6 Rxe6 24. Rxe6 Rd8 25. Kf1 Rd2 26. Rxf6 Rxc2 27. Rf7+ Kb6 28. a4 c5 29. Rxh7 c4 30. Rg7 c3 31. Rxg6+ Ka5 32. Rg4 Ra2 33. Rc4 c2 34. Ke1 Ra1+ 35. Kd2 Rg1 36. g3 Rg2 37. Rxc2 Rxh2 38. Ke3 Kxa4 39. Ra2+ Kb5 40. Rxa7 Kc5 41. Rd7 Kc6 42. Rd1 Rh8 43. f4 Re8+ 44. Kf3 1-0

[Event "2026 European Womens Championship"]
[Site "Batumi, GE"]
[Date "2026.06.05"]
[Round "11"]
[White "Radikovic, Anamarija"]
[Black "Khurtsilava, Inga"]
[Result "0-1"]
[Board "55"]
[TimeControl "5400+30"]
[WhiteFideId "14546264"]
[BlackFideId "13600419"]
[WhiteElo "1974"]
[BlackElo "2175"]
[WhiteTitle "WFM"]
[BlackTitle "WGM"]
[WhiteClock "0:27:26"]
[BlackClock "0:46:02"]
[Variant "Standard"]

1. e4 c6 2. d4 d5 3. e5 Bf5 4. Be2 e6 5. Nf3 Nd7 6. O-O Ne7 7. c4 dxc4 8. Bxc4 Nb6 9. Bb3 Bg4 10. Nbd2 Bh5 11. Ne4 Nf5 12. h3 Bxf3 13. Qxf3 Nxd4 14. Qg4 h5 15. Qd1 Nxb3 16. axb3 Qxd1 17. Rxd1 Nd5 18. Be3 a6 19. Bc5 Bxc5 20. Nxc5 Rb8 21. Ra4 Ke7 22. Rad4 Rhd8 23. Kh2 a5 24. Kg3 b6 25. Ne4 Ra8 26. Nd6 c5 27. Rh4 g6 28. Kf3 f6 29. Nc4 b5 30. Na3 fxe5 31. Re4 Nc7 32. Rxd8 Rxd8 33. Rxe5 Rd3+ 34. Re3 Rd2 35. Re2 Rd1 36. Kf4 Kf6 37. Rc2 Nd5+ 38. Kg3 Rd3+ 39. f3 Rxb3 40. Rxc5 Rxb2 41. Nxb5 a4 42. Nd4 h4+ 0-1

[Event "2026 European Womens Championship"]
[Site "Batumi, GE"]
[Date "2026.06.05"]
[Round "11"]
[White "Jimenez Fernandez, Rebeca"]
[Black "Nahapetyan, Ani"]
[Result "1-0"]
[Board "56"]
[TimeControl "5400+30"]
[WhiteFideId "32070934"]
[BlackFideId "13317776"]
[WhiteElo "2166"]
[BlackElo "1827"]
[WhiteTitle "WFM"]
[WhiteClock "0:05:48"]
[BlackClock "0:13:25"]
[Variant "Standard"]

1. e4 e6 2. d4 d5 3. e5 c5 4. c3 Nc6 5. Nf3 Bd7 6. Be2 Nge7 7. O-O Ng6 8. g3 f6 9. exf6 Qxf6 10. Bg5 Qf7 11. Nbd2 cxd4 12. Nxd4 Nxd4 13. cxd4 Bd6 14. Be3 O-O 15. f4 Rac8 16. Nf3 Qe8 17. a4 Qd8 18. Bd3 Ne7 19. Re1 Bb4 20. Re2 a6 21. Bf2 g6 22. Ng5 Rf6 23. Qf1 Nf5 24. g4 Nd6 25. Qh3 Qe7 26. Bh4 Qg7 27. Bg3 h6 28. Nf3 g5 29. Ne5 gxf4 30. Bh4 Rff8 31. Kh1 Be8 32. g5 Nf5 33. gxh6 Qxh6 34. Rg1+ Kh8 35. Bxf5 exf5 36. Reg2 Be7 37. Bf6+ Rxf6 38. Rg8+ Kh7 39. R1g7# 1-0

[Event "2026 European Womens Championship"]
[Site "Batumi, GE"]
[Date "2026.06.05"]
[Round "11"]
[White "Ptacnikova, Lenka"]
[Black "Nenova, Andzhelika"]
[Result "0-1"]
[Board "57"]
[TimeControl "5400+30"]
[WhiteFideId "305650"]
[BlackFideId "2939355"]
[WhiteElo "2126"]
[BlackElo "2072"]
[WhiteTitle "WGM"]
[WhiteClock "1:02:36"]
[BlackClock "0:55:40"]
[Variant "Standard"]

1. c4 e6 2. Nf3 d5 3. b3 Nf6 4. Bb2 c5 5. cxd5 exd5 6. d4 Nc6 7. g3 cxd4 8. Nxd4 Bb4+ 9. Nc3 Qa5 10. Rc1 Ne4 11. a3 Bxc3+ 12. Bxc3 Nxc3 13. Nxc6 bxc6 14. Qd2 d4 15. e3 O-O 16. Bg2 Ba6 17. Bxc6 Rac8 18. b4 Qxa3 19. b5 Rxc6 20. bxc6 Ne4 21. exd4 Nxd2 22. Kxd2 Qd3+ 0-1

[Event "2026 European Womens Championship"]
[Site "Batumi, GE"]
[Date "2026.06.05"]
[Round "11"]
[White "Nadanyan, Kiti"]
[Black "Arakhamia-Grant, Ketevan"]
[Result "0-1"]
[Board "58"]
[TimeControl "5400+30"]
[WhiteFideId "13316710"]
[BlackFideId "13600168"]
[WhiteElo "1801"]
[BlackElo "2306"]
[BlackTitle "GM"]
[WhiteClock "0:30:08"]
[BlackClock "0:28:35"]
[Variant "Standard"]

1. e4 c5 2. Nc3 e6 3. g3 Nc6 4. Bg2 Nf6 5. Nge2 d5 6. exd5 exd5 7. d4 Bg4 8. h3 Bh5 9. g4 Bg6 10. Bg5 Be7 11. dxc5 O-O 12. O-O d4 13. Bxf6 gxf6 14. Ne4 f5 15. gxf5 Bxf5 16. N4g3 Bg6 17. Bxc6 bxc6 18. Qxd4 Bf6 19. Qxd8 Rfxd8 20. c3 Rd2 21. f4 Bd3 22. Rfd1 Rxe2 23. Nxe2 Bxe2 24. Rd6 Be7 25. Rxc6 Bb5 26. Rc7 Bd8 27. Rb7 Bc6 28. Rb3 Be7 29. c4 Bxc5+ 30. Kh2 Rd8 31. Kg3 f5 32. Rf1 Kg7 33. a3 Rd2 34. h4 Kf6 35. Rb8 Rd3+ 36. Kh2 Rd2+ 37. Kg3 Rg2+ 38. Kh3 Rg4 39. Rd1 Bg2+ 40. Kh2 Be4 41. b4 Bf2 42. Rd6+ Ke7 43. Rh6 Bg1+ 0-1

[Event "2026 European Womens Championship"]
[Site "Batumi, GE"]
[Date "2026.06.05"]
[Round "11"]
[White "Brunello, Marina"]
[Black "Demirtas, Hafize"]
[Result "1-0"]
[Board "59"]
[TimeControl "5400+30"]
[WhiteFideId "822590"]
[BlackFideId "6382070"]
[WhiteElo "2346"]
[BlackElo "1928"]
[WhiteTitle "IM"]
[WhiteClock "0:09:42"]
[BlackClock "0:01:27"]
[Variant "Standard"]

1. e4 c6 2. d4 d5 3. e5 Bf5 4. Nf3 e6 5. Be2 Nd7 6. Nbd2 a5 7. Nf1 a4 8. Ng3 Bg6 9. a3 h6 10. O-O c5 11. Be3 Ne7 12. c4 Qa5 13. Rc1 dxc4 14. Bxc4 b5 15. Bd3 Bxd3 16. Qxd3 c4 17. Qe4 Nd5 18. Bd2 Qa7 19. h4 Be7 20. h5 O-O-O 21. Nh2 Qb6 22. Ne2 Nb8 23. Ng4 Rhe8 24. Qf3 Rf8 25. Ne3 Nc7 26. Bc3 Nc6 27. Rcd1 Bg5 28. d5 Bxe3 29. dxc6 Bc5 30. Rxd8+ Rxd8 31. Qxf7 Qxc6 32. Qxg7 Qe4 33. Ng3 Qh4 34. Qg6 Rd3 35. Ne4 Bb6 36. Nd6+ Kd7 37. Qxh6 Rg3 38. Qh7+ Kd8 39. Ne4 Rg4 40. Nf6 Kc8 41. Nxg4 Qxg4 42. Qg6 Qh4 43. h6 Kb7 44. h7 Nd5 45. Qg7+ 1-0

[Event "2026 European Womens Championship"]
[Site "Batumi, GE"]
[Date "2026.06.05"]
[Round "11"]
[White "Diasamidze, Lulu"]
[Black "Donghvani, Nia"]
[Result "1/2-1/2"]
[Board "60"]
[TimeControl "5400+30"]
[WhiteFideId "13623818"]
[BlackFideId "13614649"]
[WhiteElo "1924"]
[BlackElo "2117"]
[BlackTitle "WFM"]
[WhiteClock "0:21:16"]
[BlackClock "0:02:42"]
[Variant "Standard"]

1. e4 c6 2. d4 d5 3. Nc3 dxe4 4. Nxe4 Nf6 5. Nxf6+ exf6 6. c3 Bd6 7. Bd3 O-O 8. Qc2 g6 9. Be3 Be6 10. Ne2 Qc7 11. c4 c5 12. d5 Bd7 13. h4 b5 14. O-O b4 15. Qd2 Re8 16. Rfe1 Bg4 17. f3 Bd7 18. Rad1 Na6 19. Kf2 Re7 20. g3 Rae8 21. Bf4 Be5 22. Bxe5 Qxe5 23. Bb1 Qd6 24. Qf4 Re5 25. Nc1 g5 26. hxg5 fxg5 27. Qd2 Qf6 28. Rxe5 Rxe5 29. Re1 g4 30. f4 Rh5 31. Rg1 Rh2+ 32. Rg2 Rh1 33. Rg1 Rh2+ 34. Rg2 Rh1 35. Rg1 Rh2+ 36. Rg2 Rh1 1/2-1/2

[Event "2026 European Womens Championship"]
[Site "Batumi, GE"]
[Date "2026.06.05"]
[Round "11"]
[White "Kalyoncu, Beren"]
[Black "Shuqja, Klean"]
[Result "1-0"]
[Board "61"]
[TimeControl "5400+30"]
[WhiteFideId "51608383"]
[BlackFideId "4701585"]
[WhiteElo "1840"]
[BlackElo "2092"]
[WhiteTitle "WCM"]
[BlackTitle "WFM"]
[WhiteClock "0:19:14"]
[BlackClock "0:00:51"]
[Variant "Standard"]

1. e4 c5 2. c3 d5 3. exd5 Qxd5 4. d4 g6 5. Nf3 Bg7 6. Na3 cxd4 7. Bc4 Qe4+ 8. Be3 Nh6 9. Nb5 Na6 10. cxd4 O-O 11. Nc3 Qc6 12. Qb3 Nf5 13. O-O Nd6 14. Be2 Bf5 15. Ne5 Qc7 16. Bxa6 Be6 17. d5 Bxe5 18. dxe6 bxa6 19. Nd5 Qd8 20. Bg5 f6 21. Bh6 Re8 22. Rfd1 Rb8 23. Qa4 Bxb2 24. Rab1 Qc8 25. Qd7 Nf5 26. Bf4 Rb7 27. Qxc8 Rxc8 28. g4 Nh4 29. Rxb2 Rxb2 30. Nxe7+ 1-0

[Event "2026 European Womens Championship"]
[Site "Batumi, GE"]
[Date "2026.06.05"]
[Round "11"]
[White "Tashkinova, Sofiia"]
[Black "Chkhartishvili, Lika"]
[Result "1/2-1/2"]
[Board "62"]
[TimeControl "5400+30"]
[WhiteFideId "14188309"]
[BlackFideId "13635166"]
[WhiteElo "2085"]
[BlackElo "1822"]
[WhiteTitle "WFM"]
[WhiteClock "0:18:52"]
[BlackClock "0:17:40"]
[Variant "Standard"]

1. e4 c5 2. Nf3 Nc6 3. Bb5 g6 4. O-O Bg7 5. c3 Nf6 6. Re1 O-O 7. d4 d5 8. e5 Ne4 9. Be3 cxd4 10. cxd4 Qb6 11. Bxc6 Qxc6 12. Nbd2 Bg4 13. Qb3 Nxd2 14. Nxd2 Rac8 15. Qa3 Rfe8 16. Nb3 b6 17. Rac1 Qd7 18. Qa6 h5 19. a4 Rxc1 20. Rxc1 Rc8 21. a5 Rxc1+ 22. Nxc1 Qc7 23. Qb5 Qd7 24. Qb4 bxa5 25. Qxa5 f6 26. exf6 Bxf6 27. Nd3 e6 28. Nc5 Qe7 29. h3 Bf5 30. Qa2 Kg7 31. Qb3 g5 32. Qa2 Kg6 33. Qa4 e5 34. Qc6 Kg7 35. Qxd5 exd4 36. Bxd4 Bxd4 37. Qxd4+ Kg6 38. b4 h4 39. Nd3 Bxd3 40. Qxd3+ Kh6 41. Qd4 Qe1+ 42. Kh2 Qe6 43. b5 Kg6 44. Qc5 Qf7 45. Kg1 Qa2 46. Qc6+ Kf5 47. Qf3+ Kg6 48. Qe4+ Kf6 49. Qd4+ Kg6 50. Kh2 Qe6 51. g3 hxg3+ 52. Kxg3 Qb3+ 53. f3 Qxb5 54. Qxa7 Qe5+ 55. Kg2 Qe2+ 56. Qf2 Qe6 57. Qc2+ Kf6 58. Qd3 Qb6 59. Qe4 Qb2+ 60. Kg3 Qb8+ 61. Kg2 Qb2+ 62. Kf1 Qa1+ 63. Kf2 Qb2+ 64. Qe2 Qb6+ 65. Kg2 Kg6 66. Qf2 Qd6 67. h4 gxh4 68. Qxh4 Qd2+ 69. Kh3 Qd1 70. Qg3+ Kf5 71. Qg4+ Kf6 72. Qf4+ Kg6 73. Qe4+ Kf6 74. f4 Qf1+ 75. Kg3 Qg1+ 76. Kf3 Qh1+ 77. Ke3 Qxe4+ 78. Kxe4 Ke6 79. f5+ Kf6 80. Kf4 1/2-1/2

[Event "2026 European Womens Championship"]
[Site "Batumi, GE"]
[Date "2026.06.05"]
[Round "11"]
[White "Kalandadze, Mariam"]
[Black "Buyuk, Ecrin Efsa"]
[Result "1-0"]
[Board "63"]
[TimeControl "5400+30"]
[WhiteFideId "13621122"]
[BlackFideId "44505175"]
[WhiteElo "1892"]
[BlackElo "2076"]
[BlackTitle "WFM"]
[WhiteClock "0:22:32"]
[BlackClock "0:00:39"]
[Variant "Standard"]

1. d4 d5 2. c4 c6 3. cxd5 cxd5 4. Bf4 Nf6 5. Nc3 Nc6 6. e3 e6 7. Bd3 Bd6 8. Bxd6 Qxd6 9. f4 Bd7 10. Nf3 a6 11. O-O Ng4 12. Qe1 f5 13. h3 Nf6 14. Ne5 O-O 15. Qh4 Ne7 16. g4 g6 17. Rf2 b5 18. a3 Ne4 19. Bxe4 dxe4 20. Qh6 Be8 21. Rc1 Rc8 22. Rfc2 Rd8 23. h4 Bf7 24. h5 Rd7 25. hxg6 Bxg6 26. Nxd7 Qxd7 27. Na2 fxg4 28. Rc7 Qd8 29. R1c5 Rf5 30. Qh4 Rxc5 31. Rxc5 Qd7 32. Qf6 Nd5 33. Qe5 Bf7 34. Nc3 Qd8 35. Nxd5 exd5 36. Rc7 a5 37. Rb7 1-0

[Event "2026 European Womens Championship"]
[Site "Batumi, GE"]
[Date "2026.06.05"]
[Round "11"]
[White "Subramanian, Anusha"]
[Black "Gharibyan, Mane"]
[Result "1-0"]
[Board "64"]
[TimeControl "5400+30"]
[WhiteFideId "477710"]
[BlackFideId "13306430"]
[WhiteElo "2068"]
[BlackElo "1776"]
[WhiteTitle "WFM"]
[WhiteClock "0:07:23"]
[BlackClock "0:00:33"]
[Variant "Standard"]

1. e4 c5 2. Nf3 d6 3. d4 cxd4 4. Nxd4 Nf6 5. Nc3 a6 6. Rg1 e5 7. Nb3 Be6 8. g4 Be7 9. g5 Nfd7 10. h4 b5 11. Be3 Nb6 12. Nd5 N8d7 13. h5 Nxd5 14. exd5 Bf5 15. Bd3 e4 16. Nd4 g6 17. Be2 Ne5 18. Nxf5 gxf5 19. Qd2 Rg8 20. O-O-O Rc8 21. Kb1 Qc7 22. Bf4 Nc4 23. Bxc4 bxc4 24. Rg3 Rb8 25. Qc3 Bf8 26. h6 Qb6 27. Re3 Be7 28. f3 Bxg5 29. Bxg5 Rxg5 30. fxe4 f4 31. Rf3 Rg3 32. b3 Qb4 33. Rxg3 fxg3 34. Qxg3 c3 35. Rf1 Rb7 36. Qg8+ 1-0